 Dungeon Crawl Stone Soup version 0.30-a0-50-gb2d611f6b1 (webtiles) character file.

Game seed: 1938051483864390303

272 LnG the Chopper (level 6, -3/56 HPs)
             Began as a Hill Orc Fighter on Sept 3, 2022.
             Killed by divine providence
             ... invoked by an orc priest
              (14 damage)
             ... on level 4 of the Dungeon.
             The game lasted 00:08:11 (2567 turns).

LnG the Chopper (Hill Orc Fighter)                  Turns: 2567, Time: 00:08:13

Health: -3/56      AC:  8    Str: 21    XL:     6   Next: 23%
Magic:  6/6        EV:  9    Int:  8    God:
Gold:   163        SH:  4    Dex: 10    Spells: 5/5 levels left

rFire   . . .      SeeInvis .    a - +1 war axe
rCold   . . .      Faith    .    c - +0 buckler
rNeg    . . .      Spirit   .    b - +0 scale mail
rPois   +          Reflect  .    (no helmet)
rElec   .          Harm     .    (no cloak)
rCorr   .          Rampage  .    (no gloves)
Will    .....                    f - +0 pair of boots
Stlth   ..........               j - amulet of regeneration
HPRegen 0.98/turn                h - ring of poison resistance
MPRegen 0.10/turn                (no ring)

@: lethally poisoned (-3 -> -4)
A: no striking features
a: Convert to Beogh


You were on level 4 of the Dungeon.
You visited 1 branch of the dungeon, and saw 4 of its levels.

You collected 163 gold pieces.

Inventory:

Hand Weapons
 a - a +1 war axe (weapon)
Missiles
 g - a throwing net (quivered)
Armour
 b - a +0 scale mail (worn)
 c - a +0 buckler (worn)
 f - a +0 pair of boots (worn)
Jewellery
 h - a ring of poison resistance (left hand)
 j - an amulet of regeneration (around neck)
 n - a ring of magical power
 q - an amulet of reflection
 s - a ring of fire
Scrolls
 m - 2 scrolls of magic mapping
 p - a scroll of teleportation
 t - a scroll of poison
 u - a scroll of silence {unknown}
 v - a scroll of immolation {unknown}
Potions
 d - a potion of might
 e - 3 potions of lignification
 i - 3 potions of brilliance
 k - a potion of mutation
 l - a potion of haste {unknown}
 o - 2 potions of invisibility
 r - a potion of heal wounds {unknown}


   Skills:
 + Level 5.1 Fighting
 + Level 5.5 Axes
 + Level 4.6 Armour
 + Level 0.6 Dodging
 + Level 0.2 Stealth
 + Level 3.7 Shields


You had 5 spell levels left.
You didn't know any spells.
Your spell library contained the following spells:

 Spells                   Type           Power      Damage    Failure   Level
 Magic Dart               Conj           0%         1d3       83%         1
 Call Imp                 Summ           0%         N/A       92%         2
 Call Canine Familiar     Summ           0%         N/A       99%         3
 Mephitic Cloud           Conj/Pois/Air  0%         N/A       99%         3
 Portal Projectile        Hex/Tloc       0%         N/A       99%         3
 Leda's Liquefaction      Hex/Erth       0%         N/A       100%        4


Dungeon Overview and Level Annotations

Branches:
Dungeon (4/15)
 Temple: D:4-7

Altars:


Message History

The orc priest calls down the wrath of Beogh upon you.
Beogh smites you!
The orc priest looks braver for a moment.
Something hits you.
You closely miss something.
You feel very sick. Something hits you but does no damage.
You are more poisoned.
You hit something but do no damage.
You feel very sick. Something hits you.
You hit something.
You feel very sick. Something hits you.
You are more poisoned.
Something hits you but does no damage.
You miss something.
You feel very sick. Something hits you but does no damage.
You closely miss something.
You feel very sick. Something hits you but does no damage.
You slash something!
Reactivating autopickup.
You feel a bit more experienced.
You feel very sick.
Your Fighting skill increases to level 5!
You hit the orc priest.
The orc priest is moderately wounded.
You feel sick. The orc priest hits you with a +0 mace.
* * * LOW HITPOINT WARNING * * *
The orc priest hits you with a +0 mace.
* * * LOW HITPOINT WARNING * * *
You barely miss the orc priest.
The orc priest threatens, "By the altar or by the axe, you will meet Beogh!"
The orc priest is moderately wounded.
You feel sick.
The orc priest invokes the aid of Beogh against you.
Beogh smites you!
You die...

#.# #.# #.# #.#
######### #.#
#........
###.#########.####
#......).........#
#.#.#####.....##.#
#.#.# #.######@#
#.#.# #.# #o#
#.#.# #.# #J#
#.#.### #.# ...
#.#...# #.. ...
#.###.# ### #...#
#.# #.# ##... #.#
#.# #.## #.# #.#


You could see an orc priest and an endoplasm.

Vanquished Creatures
  A jelly (D:3)
  An orc priest (D:4)
  2 orc wizards
  8 gnolls (D:3)
  2 adders
  A worm (D:3)
  2 dart slugs
  5 orcs
  8 ball pythons
  5 bats
  5 endoplasms
  2 giant cockroaches
  2 goblins
  6 hobgoblins
  4 kobolds
  2 quokkas (D:2)
  4 frilled lizards
  2 rats (D:1)
62 creatures vanquished.

Notes
Turn   | Place    | Note
-------+----------+-------------------------------------------
     0 | D:1      | LnG the Hill Orc Fighter began the quest for the Orb.
     0 | D:1      | Reached XP level 1. HP: 19/19 MP: 1/1
    13 | D:1      | Found a faded altar of an unknown god.
   311 | D:1      | Reached XP level 2. HP: 24/27 MP: 2/2
  1021 | D:2      | Reached XP level 3. HP: 33/33 MP: 3/3
  1644 | D:3      | Reached XP level 4. HP: 36/40 MP: 4/4
  1809 | D:3      | Reached XP level 5. HP: 23/46 MP: 5/5
  2168 | D:3      | Reached skill level 5 in Axes
  2558 | D:4      | Reached XP level 6. HP: 55/55 MP: 6/6
  2566 | D:4      | Reached skill level 5 in Fighting
  2567 | D:4      | Killed from afar by an orc priest

Illustrated notes

Levels and vault maps discovered:
D:1:      dpeg_arrival_renting, layout_basic, hellmonk_ecumenical_altar_run_dry,
          minmay_misc_feat_ornament, minmay_pentomino_r2
D:2:      layout_basic
D:3:      layout_basic
D:4:      layout_loops_ring, mainiacjoe_overflow_alcove_2

Skill      XL: |  1  2  3  4  5  6 |
---------------+-------------------+-----
Axes           | 3 4 5 |  5.5
Fighting       | 4 5 |  5.1
Armour         | 4 |  4.6
Dodging        | |  0.6
Stealth        | |  0.2
Shields        | |  3.7

Action                   |  1- 3 |  4- 6 || total
-------------------------+-------+-------++-------
Melee: War axe           |    77 |    93 ||   170
  Use: Scroll            |     8 |     2 ||    10
Armor: Scale mail        |    36 |    44 ||    80
Dodge: Dodged            |    31 |    34 ||    65
Block: Buckler           |    19 |    13 ||    32

Table legend: (Time is in decaauts)
 A = Elapsed time spent in this place.
 B = Non-inter-level travel time spent in this place.
 C = Inter-level travel time spent in this place.
 D = Time resting spent in this place.
 E = Time spent auto-exploring this place.
 F = Levels seen in this place.
 G = Mean time per level.
                   A        B        C        D        E       F      G
               +--------+--------+--------+--------+--------+-----+--------+
         Total |   2622 |   2506 |    116 |    430 |   1539 |   4 |  655.5 |
       Dungeon |   2622 |   2506 |    116 |    430 |   1539 |   4 |  655.5 |
               +--------+--------+--------+--------+--------+-----+--------+

Top non-repeatable levels by time:
     D:1: 958 daAuts
     D:3: 945 daAuts
     D:2: 635 daAuts
     D:4: 82 daAuts
